 Seeded DCSS version 0.28-a0-1567-g1695149f81 (webtiles) character file.

Game seed: 3565 (custom seed)

152 knot the Chopper (level 5, 41/41 HPs)
             Began as a Demonspawn Berserker on Jan 20, 2022.
             Was a Follower of Trog.
             Quit the game on level 5 of the Dungeon.
             The game lasted 00:02:22 (3415 turns).

knot the Chopper (Demonspawn Berserker)             Turns: 3415, Time: 00:02:23

Health: 41/41      AC:  4    Str: 17    XL:     5   Next: 11%
Magic:  5/5        EV: 12    Int: 15    God:    Trog [*.....]
Gold:   83         SH:  0    Dex: 12    Spells: 4/4 levels left

rFire   . . .      SeeInvis .   a - +0 hand axe
rCold   . . .      Faith    .   (no shield)
rNeg    . . .      Spirit   .   j - +1 robe of Unreason {Int+4}
rPois   .          Reflect  .   (helmet restricted)
rElec   .          Harm     .   (no cloak)
rCorr   .          Rampage  .   (no gloves)
Will    .....                   (no boots)
Stlth   +.........              (no amulet)
HPRegen 0.13/turn               (no ring)
MPRegen 0.09/turn               (no ring)

@: no status effects
A: antennae 1, sharp scales 1, demonic magic 1
a: Renounce Religion, Berserk


You were on level 5 of the Dungeon.
You worshipped Trog.
Trog was aware of your devotion.
You visited 1 branch of the dungeon, and saw 4 of its levels.

You collected 83 gold pieces.

Inventory:

Hand Weapons
 a - a +0 hand axe (weapon)
Missiles
 d - 30 stones (quivered)
Armour
 j - the +1 robe of Unreason (worn) {Int+4}
   (You found it on level 2 of the Dungeon)

   Int:       It affects your intelligence (+4).
Jewellery
 l - a +6 ring of intelligence
Scrolls
 b - a scroll of immolation {unknown}
 f - a scroll of enchant armour {unknown}
 g - a scroll of teleportation {unknown}
 i - a scroll of fog {unknown}
Potions
 c - a potion of lignification {unknown}
 e - a potion of resistance {unknown}
 h - a potion of brilliance {unknown}
 k - a potion of degeneration {unknown}


   Skills:
 - Level 3.0 Fighting
 + Level 5.3 Axes
 - Level 1.7 Armour
 - Level 1.7 Dodging


You had 4 spell levels left.
You didn't know any spells.
Your spell library was empty.

Dungeon Overview and Level Annotations

Branches:
Dungeon (3/15)

Altars:
Hepliaklqana


Innate Abilities, Weirdness & Mutations

You have a pair of small antennae on your head.
You are partially covered in razor-sharp scales. (AC +1, Slay +1)
Spells you cast may paralyse adjacent enemies.


Message History

You barely miss the hound zombie.
The hound zombie is moderately damaged.
You hit the iguana. The iguana closely misses you.
The hound zombie bites you but does no damage.
You slash the hound zombie!
The hound zombie is severely damaged.
You hit the iguana but do no damage. The hound zombie closely misses you.
The iguana misses you.
You slash the hound zombie!
You destroy the hound zombie!
Trog accepts your kill.
You barely miss the iguana. The iguana bites you!
You hit the iguana but do no damage.
The iguana is severely wounded.
The iguana bites you but does no damage.
You hit the iguana.
The iguana is almost dead.
The iguana misses you.
You slash the iguana!
You kill the iguana!
Trog accepts your kill.
You have reached level 5!
Your demonic ancestry asserts itself...
A menacing aura infuses your magic.
You start resting.
You feel a strong urge to attack something.
You start resting.
You are no longer berserk.
You are exhausted.
You feel yourself slow down.
You start resting.
You feel yourself speed up.
You start resting.
You recover from your berserk rage.
You start resting.
You start resting.
HP restored.
You start waiting.
Done waiting.
Are you sure you want to abandon this character and quit the game? (Confirm with "yes".)

#...!$.......#....
#............#..# .
#.................#
#.............# ..(
#.............#..#
#.................
#............##..
######............#
........@..........#
........?###########
.........#
.........#
.....(...#
...$.....#
.......... .........


There were no monsters in sight!

Vanquished Creatures
  2 iguanas (D:5)
  A hound zombie (D:5)
  4 adders
  2 worms (D:2)
  A dart slug (D:2)
  An endoplasm (D:2)
  3 giant cockroaches
  5 goblins
  3 hobgoblins
  5 jackals (D:1)
  2 quokkas (D:2)
  2 ball pythons (D:2)
  2 bats (D:2)
  3 frilled lizards
  7 kobolds
  3 rats (D:1)
46 creatures vanquished.

Notes
Turn   | Place    | Note
-------+----------+-------------------------------------------
     0 | D:1      | knot the Demonspawn Berserker began the quest for the Orb.
     0 | D:1      | Reached XP level 1. HP: 18/18 MP: 1/1
    83 | D:1      | Reached skill level 3 in Axes
   366 | D:1      | Gained mutation: You have a pair of small antennae on your
                  | head. [demonic ancestry]
   366 | D:1      | Reached XP level 2. HP: 24/24 MP: 2/2
   579 | D:1      | Found a faded altar of an unknown god.
   992 | D:2      | Found a hazy altar of Hepliaklqana.
  1140 | D:2      | Reached XP level 3. HP: 16/29 MP: 3/3
  1411 | D:2      | Reached skill level 4 in Axes
  1629 | D:2      | Identified the +1 robe of Unreason {Int+4}
  2278 | D:2      | Gained mutation: You are partially covered in razor-sharp
                  | scales. (AC +1, Slay +1) [demonic ancestry]
  2278 | D:2      | Reached XP level 4. HP: 35/35 MP: 4/4
  2856 | D:3      | Noticed a water moccasin
  2856 | D:3      | Noticed a black bear
  2857 | D:3      | You fall into a shaft and drop 2 floors!
  2857 | D:5      | Entered Level 5 of the Dungeon
  3009 | D:5      | Reached skill level 5 in Axes
  3109 | D:5      | Gained mutation: Spells you cast may paralyse adjacent
                  | enemies. [demonic ancestry]
  3109 | D:5      | Reached XP level 5. HP: 19/41 MP: 5/5
  3415 | D:5      | Quit the game

Illustrated notes

Levels and vault maps discovered:
D:1:      nzn_arrival_depleted_hourglass, layout_basic,
          hellmonk_ecumenical_altar_inner_sanctum
D:2:      layout_loops_ring, basic_altar, grunt_ministairs_7
D:3:      layout_rooms, nicolae_uskayaw_dance_hall, serial_shops,
          nicolae_square_shop, uniq_natasha
D:5:      layout_basic, nicolae_hepliaklqana_monster_ancestors

Skill      XL: |  1  2  3  4 |
---------------+-------------+-----
Axes           | 3 4 5 |  5.3
Fighting       | |  3.0
Armour         | |  1.7
Dodging        | |  1.7

Action                   |  1- 3 |  4- 6 || total
-------------------------+-------+-------++-------
Melee: Hand axe          |   103 |    40 ||   143
Throw: Stone             |     1 |       ||     1
Invok: Berserk           |     3 |     3 ||     6
 Stab: Sleeping          |     2 |     1 ||     3
Armor: Animal skin       |    13 |       ||    13
       Robe              |     4 |    16 ||    20
Dodge: Dodged            |    53 |    20 ||    73

Table legend: (Time is in decaauts)
 A = Elapsed time spent in this place.
 B = Non-inter-level travel time spent in this place.
 C = Inter-level travel time spent in this place.
 D = Time resting spent in this place.
 E = Time spent auto-exploring this place.
 F = Levels seen in this place.
 G = Mean time per level.
                   A        B        C        D        E       F      G
               +--------+--------+--------+--------+--------+-----+--------+
         Total |   3481 |   3444 |     37 |   1356 |   1746 |   4 |  870.2 |
       Dungeon |   3481 |   3444 |     37 |   1356 |   1746 |   4 |  870.2 |
               +--------+--------+--------+--------+--------+-----+--------+

Top non-repeatable levels by time:
     D:2: 1974 daAuts
     D:1: 934 daAuts
     D:5: 572 daAuts
     D:3: 0 daAuts
